 Dungeon Crawl Stone Soup version 0.25-a0-310-g60f0ac2d9a (webtiles) character file.

Game seed: 5120806509499051633, levelgen mode: classic

36 Borgoz the Slasher (level 3, -2/22 HPs)
             Began as a Gargoyle Gladiator on Dec 23, 2019.
             Slain by Sigmund
             ... wielding a +0 scythe
              (5 damage)
             ... on level 2 of the Dungeon.
             The game lasted 00:01:19 (995 turns).

Borgoz the Slasher (Gargoyle Gladiator)              Turns: 995, Time: 00:01:20

Health: -2/22      AC:  7    Str: 15 (17) XL:     3   Next: 37%
Magic:  3/3        EV: 12    Int:  7 (8)  God:
Gold:   49         SH:  0    Dex: 11 (12) Spells: 2/2 levels left

rFire    . . .     SeeInvis .   a - +0 long sword
rCold    . . .     Gourm    .   (no shield)
rNeg     + . .     Faith    .   b - +0 leather armour
rPois    ∞         Spirit   .   c - +0 helmet
rElec    +         Reflect  .   (no cloak)
rCorr    .         Harm     .   (no gloves)
MR       .....                  (no boots)
Stlth    +.........             (no amulet)
HPRegen  0.07/turn              (no ring)
MPRegen  0.08/turn              (no ring)

@: no status effects
A: negative energy resistance 1, electricity resistance, unbreathing,
petrification resistance, rot immunity, AC +3
a: no special abilities


You were on level 2 of the Dungeon.
You were not hungry.

You visited 1 branch of the dungeon, and saw 2 of its levels.

You collected 49 gold pieces.

Inventory:

Hand Weapons
 a - a +0 long sword (weapon)
Armour
 b - a +0 leather armour (worn)
 c - a +0 helmet (worn)
Scrolls
 e - a scroll of teleportation {unknown}
 g - a scroll of immolation {unknown}
 k - 2 scrolls of remove curse {unknown}
 o - a scroll of identify {unknown}
Comestibles
 f - 4 rations
 i - 3 chunks of flesh


   Skills:
 + Level 2.7 Fighting
 + Level 3.0 Long Blades
 - Level 1.7 Throwing
 + Level 1.2 Armour
 + Level 2.7 Dodging


You had 2 spell levels left.
You didn't know any spells.
Your spell library was empty.

Dungeon Overview and Level Annotations

Branches:
Dungeon (2/15)

Altars:

Annotations:
D:2 Sigmund


Innate Abilities, Weirdness & Mutations

You are resistant to torment.
Your stone body is resilient. (AC +3)
You are immune to poison.
You resist negative energy. (rN+)
You are resistant to electric shocks. (rElec)
You can survive without breathing.
You are immune to petrification.
You are immune to rotting.


Message History

Aim: Sigmund, wielding a +0 scythe and wearing a +0 robe (heavily wounded, unusually strong)
Okay, then.
You barely miss Sigmund.
Sigmund is heavily wounded.
You hit Sigmund but do no damage.
Sigmund is heavily wounded.
The adder barely misses you.
Sigmund gestures wildly while chanting.
Sigmund flickers and vanishes!
Deactivating autopickup; reactivate with Ctrl-A.
The adder misses you. Something barely misses you.
You miss something. The adder bites you.
* * * LOW HITPOINT WARNING * * *
The adder closely misses you.
You closely miss something.
You hear some strange, mumbled words.
Something tries to affect you, but you resist.
The adder barely misses you.
You riposte.
You barely miss the adder. Something hits you.
You die...

##.##
###############...###.#
##.....................#
####...############...######
#>.....# ######........
#.##...# #............#
#.###### #.####.###.#..
#.#### #####.# #.# ...#
#....# #({@..# #.# ###
####.# #.#S#.# #.# #.#
#....... #.# #.#
#...≈.≈.##.#
######.####....≈≈≈≈.# .#
#...........#.≈≈.≈.%#
#......######.≈%....#
#.###### #......(. #...#


You could see an adder.

Vanquished Creatures
  A worm (D:2)
  2 dart slugs (D:1)
  A leopard gecko (D:1)
  3 bats (D:1)
  3 giant cockroaches (D:1)
  2 goblins (D:1)
  4 hobgoblins (D:1)
  4 kobolds (D:1)
  A ball python (D:1)
  2 frilled lizards (D:1)
  3 rats (D:1)
26 creatures vanquished.

Notes
Turn   | Place    | Note
-------+----------+-------------------------------------------
     0 | D:1      | Borgoz the Gargoyle Gladiator began the quest for the Orb.
     0 | D:1      | Reached XP level 1. HP: 12/12 MP: 1/1
   115 | D:1      | Reached XP level 2. HP: 14/18 MP: 2/2
   374 | D:1      | Reached skill level 1 in Armour
   411 | D:1      | Reached skill level 3 in Long Blades
   451 | D:1      | Reached XP level 3. HP: 20/22 MP: 3/3
   970 | D:2      | Noticed Sigmund
   995 | D:2      | Slain by Sigmund

Levels and vault maps discovered:
D:1:      roderic_dead_forest, layout_basic
D:2:      minmay_thinvault, layout_loops_ring, dk_vineyard_3, uniq_sigmund,
          uniq_natasha

Skill      XL: |  1  2 |
---------------+-------+-----
Armour         | 1 |  1.2
Long Blades    | 3 |  3.0
Fighting       | |  2.7
Throwing       | |  1.7
Dodging        | |  2.7

Action                   || total
-------------------------++-------
Melee: Long sword        ||    85
Throw: Throwing net      ||     3
  Use: Potion            ||     5
 Stab: Held in net/web   ||     2
Armor: Leather armour    ||    28
       Skin              ||     1
Dodge: Dodged            ||    81
       Rpst.: Long sword ||    19

Table legend:
 A = Non-vault XP
 B = Vault XP
 C = Vault XP percentage of total XP
 D = Non-vault monster count
 E = Vault monster count
 F = Vault count percentage of total count
                 A         B        C        D         E       F
            +---------+---------+-------+---------+---------+-------
      Total |      52 |       0 |   0.0 |      26 |       0 |   0.0
            +---------+---------+-------+---------+---------+-------
        D:1 |      47 |       0 |   0.0 |      25 |       0 |   0.0
        D:2 |       5 |       0 |   0.0 |       1 |       0 |   0.0
            +---------+---------+-------+---------+---------+-------
